 Dungeon Crawl Stone Soup version 0.30-a0-422-g946f4849ff (webtiles) character file.

Game seed: 2620246846864386042

674 pokeman the Thaumaturge (level 7, -3/38 HPs)
             Began as a Deep Elf Hedge Wizard on Dec 8, 2022.
             Was an Initiate of Vehumet.
             Slain by an unseen horror (5 damage)
             ... on level 5 of the Dungeon.
             The game lasted 00:07:48 (5375 turns).

pokeman the Thaumaturge (Deep Elf Hedge Wizard)     Turns: 5375, Time: 00:07:48

Health: -3/38      AC:  7    Str:  7    XL:     7   Next: 33%
Magic:  8/21       EV: 12    Int: 21    God:    Vehumet [......]
Gold:   282        SH:  0    Dex: 14    Spells: 15/23 levels left

rFire   + . .      SeeInvis .    a - +0 dagger
rCold   . . .      Faith    .    (no shield)
rNeg    . . .      Spirit   .    E - +1 leather armour {rF+}
rPois   .          Reflect  .    r - +0 helmet
rElec   .          Harm     .    t - +0 cloak
rCorr   .          Rampage  .    (no gloves)
Will    .....                    k - +0 pair of boots
Stlth   +.........               (no amulet)
HPRegen 0.26/turn                (no ring)
MPRegen 0.17/turn                (no ring)

@: confused
A: no striking features
a: Renounce Religion


You were on level 5 of the Dungeon.
You worshipped Vehumet.
Vehumet was noncommittal.
You visited 1 branch of the dungeon, and saw 5 of its levels.

You collected 282 gold pieces.

Inventory:

Hand Weapons
 a - a +0 dagger (weapon)
Missiles
 v - 3 curare-tipped darts
Armour
 k - a +0 pair of boots (worn)
 r - a +0 helmet (worn)
 t - a +0 cloak (worn)
 E - a +1 leather armour of fire resistance (worn)
Wands
 w - a wand of polymorph (3)
Scrolls
 h - 3 scrolls of blinking {unknown}
 i - 5 scrolls of identify {unknown}
 j - a scroll of silence {unknown}
 l - a scroll of amnesia {unknown}
 o - 2 scrolls of enchant weapon {unknown}
 p - a scroll of immolation {unknown}
 q - a scroll of summoning {unknown}
 x - a scroll of fog {unknown}
 y - a scroll of fear {unknown}
 A - a scroll of enchant armour {unknown}
 B - a scroll of torment {unknown}
 C - a scroll of brand weapon {unknown}
Potions
 b - a potion of invisibility {unknown}
 c - a potion of mutation {unknown}
 d - a potion of magic
 e - a potion of cancellation {unknown}
 f - a potion of haste {unknown}
 g - 5 potions of flight {unknown}
 m - 2 potions of curing {unknown}
 n - 2 potions of attraction {unknown}
 u - 2 potions of resistance {unknown}
 z - a potion of might {unknown}
 D - a potion of berserk rage {unknown}


   Skills:
 - Level 1.0 Fighting
 - Level 1.0 Armour
 - Level 3.0 Dodging
 - Level 3.0 Stealth
 * Level 8.8 Spellcasting
 + Level 4.5 Conjurations
 - Level 1.1 Summonings
 - Level 1.1 Translocations
 - Level 1.0 Air Magic
 - Level 1.2 Poison Magic


You had 15 spell levels left.
You knew the following spells:

 Your Spells              Type           Power      Damage    Failure   Level
a - Magic Dart            Conj           100%       1d8       1%          1
b - Mephitic Cloud        Conj/Pois/Air  18%        N/A       12%         3
c - Call Imp              Summ           13%        N/A       11%         2
d - Blink                 Tloc           26%        N/A       11%         2

Your spell library contained the following spells:

 Spells                   Type           Power      Damage    Failure   Level
 Slow                     Hex            36%        N/A       11%         1
 Cigotuvi's Dreadful Rot  Necr/Pois/Air  24%        N/A       12%         2
 Portal Projectile        Hex/Tloc       22%        N/A       26%         3
 Confusing Touch          Hex            9%         N/A       32%         3
 Tukima's Dance           Hex            9%         N/A       32%         3
 Vampiric Draining        Necr           9%         2d6       32%         3
 Blade Hands              Tmut           4%         N/A       96%         5


Dungeon Overview and Level Annotations

Branches:
Dungeon (5/15)
 Temple: D:4-7

Altars:
Cheibriados
Dithmenos
Gozag
Kikubaaqudgha
Okawaru
Trog
Vehumet
Xom
Zin

Annotations:
D:4 1 runed translucent door, lokiplouj's ghost, novice MiFi


Message History

The necrophage is almost destroyed.
The necrophage hits you.
You feel drained.
Casting: Magic Dart (safe; 1% risk of failure)
Confirm with . or Enter, or press ? or * to list all spells.
Aiming: Magic Dart (safe; 1% risk of failure)
Press: ? - help, Shift-Dir - straight line, f/p - necrophage
Aim: a necrophage (almost destroyed, 100% to hit)
The magic dart hits the necrophage.
You destroy the necrophage!
Vehumet accepts your kill. Something hits you!
Your life force feels restored.
Found 3 stones.
Something hits you!
* * * LOW HITPOINT WARNING * * *
Something hits you.
* * * LOW HITPOINT WARNING * * *
Casting: Magic Dart (safe; 1% risk of failure)
Confirm with . or Enter, or press ? or * to list all spells.
Aiming: Mephitic Cloud (dangerous; 12% risk of failure)
Press: ? - help, Shift-Dir - straight line That beam is likely to hit you.
Continue anyway?
The ball explodes into a vile cloud!
The stinking cloud engulfs you but does no damage.
You are engulfed in noxious fumes.
You choke on the stench!
You are confused.
You hear a shout!
Something hits you.
* * * LOW HITPOINT WARNING * * *
Unknown command.
You're too confused to move!
You are engulfed in noxious fumes.
You choke on the stench!
You are more confused.
Unknown command.
The iguana bites you.
* * * LOW HITPOINT WARNING * * *
Unknown command.
You are engulfed in noxious fumes.
You choke on the stench!
You are more confused.
Something hits you.
You die...

#.[...#.....#######
# #.......[...# #
#...........# #
######..###### #
..####.........#####
#
#.....†...####.....#
## #........°#
##....#####.
.#.#....○°#
#.......##.
##...$.@.#
###......>.
###...l.# #.#######
#............##.# #
#.#...[.......##+#
#...........##..
#.##........# #
#....(...#
.........# ##
#.......... #_


You could see an iguana.

Vanquished Creatures
  An ice beast (D:5)
  An ogre (D:4)
  Blork the orc (D:4)
  A scorpion (D:4)
  2 necrophages
  7 gnolls
  7 adders
  2 dart slugs
  5 orcs
  9 ball pythons
  8 bats
  5 endoplasms
  7 giant cockroaches
  10 goblins
  5 hobgoblins
  4 jackals (D:2)
  3 quokkas
  3 frilled lizards
  7 kobolds
  5 rats
93 creatures vanquished.

Vanquished Creatures (collateral kills)
  2 gnolls (D:2)
2 creatures vanquished.

Grand Total: 95 creatures vanquished

Notes
Turn   | Place    | Note
-------+----------+-------------------------------------------
     0 | D:1      | pokeman the Deep Elf Hedge Wizard began the quest for the
                  | Orb.
     0 | D:1      | Reached XP level 1. HP: 10/10 MP: 7/7
   348 | D:1      | Reached XP level 2. HP: 16/16 MP: 5/9
  1427 | D:2      | Reached skill level 5 in Spellcasting
  1544 | D:2      | Reached XP level 3. HP: 20/20 MP: 8/11
  1548 | D:2      | Learned a level 3 spell: Mephitic Cloud
  1551 | D:2      | Learned a level 2 spell: Call Imp
  1554 | D:2      | Learned a level 2 spell: Blink
  1903 | D:2      | Reached skill level 1 in Armour
  1963 | D:2      | Reached skill level 1 in Fighting
  2224 | D:2      | Reached XP level 4. HP: 25/25 MP: 9/13
  2656 | D:2      | Found a faded altar of an unknown god.
  2942 | D:2      | Reached skill level 6 in Spellcasting
  3063 | D:3      | Reached XP level 5. HP: 29/29 MP: 9/15
  3406 | D:3      | Found an opulent altar of Gozag.
  4020 | D:3      | Found a shadowy altar of Dithmenos.
  4071 | D:3      | Reached skill level 1 in Air Magic
  4071 | D:3      | Reached skill level 1 in Poison Magic
  4253 | D:4      | Reached skill level 7 in Spellcasting
  4253 | D:4      | Reached XP level 6. HP: 29/34 MP: 6/18
  4463 | D:4      | Noticed Blork the orc
  4480 | D:4      | Killed Blork the orc
  4543 | D:4      | Reached skill level 8 in Spellcasting
  4716 | D:4      | Found a hazy altar of Hepliaklqana.
  4718 | D:4      | Found an iron altar of Okawaru.
  4718 | D:4      | Found a bloodstained altar of Trog.
  4720 | D:4      | Found an ancient bone altar of Kikubaaqudgha.
  4720 | D:4      | Found a shimmering altar of Xom.
  4720 | D:4      | Found a snail-covered altar of Cheibriados.
  4772 | D:4      | Found a runed translucent door.
  4803 | D:4      | Noticed lokiplouj's ghost (novice MiFi)
  4860 | D:4      | Found a radiant altar of Vehumet.
  4864 | D:4      | Became a worshipper of Vehumet
  5022 | D:5      | Entered Level 5 of the Dungeon
  5046 | D:5      | Noticed an ice beast
  5070 | D:5      | Killed an ice beast
  5071 | D:5      | Reached XP level 7. HP: 38/38 MP: 4/21
  5175 | D:5      | Found an ancient bone altar of Kikubaaqudgha.
  5179 | D:5      | Noticed a troll
  5180 | D:5      | Noticed a wraith
  5211 | D:5      | Found a glowing silver altar of Zin.
  5260 | D:5      | Found an iron altar of Okawaru.
  5260 | D:5      | Found a bloodstained altar of Trog.
  5374 | D:5      | HP: 1/38 [iguana (1)]
  5375 | D:5      | Slain by an unseen horror

Illustrated notes

Levels and vault maps discovered:
D:1:      psy_arrival_heroes, layout_basic
D:2:      layout_basic, hellmonk_ecumenical_altar_crossroads
D:3:      layout_loops_ring, nicolae_gozag_seed_capital,
          lemuel_coloured_pillars_altar
D:4:      layout_rooms, doesnt_xom_only_xom, mainiacjoe_overflow_24_doors,
          ebering_ghost_sewer_d, uniq_blork_the_orc
D:5:      layout_basic, grunt_temple_overflow_bloody_war,
          nemelex_xobeh_ov_fountains_minmay, gammafunk_temple_overflow_arena,
          zin_academy, dancing_weapons_uskayaw, minmay_manual_monstrance,
          uniq_ijyb, uniq_crazy_yiuf_cottage

Skill      XL: |  1  2  3  4  5  6 |
---------------+-------------------+-----
Spellcasting   | 5 6 7 8 |  8.8
Armour         | 1 |  1.0
Fighting       | 1 |  1.0
Conjurations   | 2 3 4 |  4.5
Stealth        | 3 |  3.0
Dodging        | 3 |  3.0
Air Magic      | 1 |  1.0
Poison Magic   | 1 |  1.2
Summonings     | |  1.1
Translocations | |  1.1

Action                   |  1- 3 |  4- 6 |  7- 9 || total
-------------------------+-------+-------+-------++-------
Melee: Dagger            |     9 |    22 |       ||    31
       Punch             |       |     1 |       ||     1
 Cast: Magic Dart        |   107 |   144 |    14 ||   265
       Mephitic Cloud    |       |     7 |     2 ||     9
       Call Imp          |       |     3 |       ||     3
       Blink             |       |     2 |       ||     2
 Stab: Confused          |       |     3 |       ||     3
Armor: Robe              |    10 |     3 |       ||    13
       Leather armour    |       |     5 |     1 ||     6
Dodge: Dodged            |    27 |    35 |     1 ||    63

Table legend: (Time is in decaauts)
 A = Elapsed time spent in this place.
 B = Non-inter-level travel time spent in this place.
 C = Inter-level travel time spent in this place.
 D = Time resting spent in this place.
 E = Time spent auto-exploring this place.
 F = Levels seen in this place.
 G = Mean time per level.
                   A        B        C        D        E       F      G
               +--------+--------+--------+--------+--------+-----+--------+
         Total |   5375 |   5217 |    158 |    162 |   4421 |   5 | 1075.0 |
       Dungeon |   5375 |   5217 |    158 |    162 |   4421 |   5 | 1075.0 |
               +--------+--------+--------+--------+--------+-----+--------+

Top non-repeatable levels by time:
     D:2: 1614 daAuts
     D:1: 1385 daAuts
     D:3: 1192 daAuts
     D:4: 831 daAuts
     D:5: 352 daAuts
